 Dungeon Sprint DCSS version 0.27-a0-1312-g5cdb2b3542 (console) character file.

Game seed: 2016075816926555401

486854 GreatCaesar the End of an Era (level 19, 207/207 HPs)
             Began as a Minotaur Fighter on June 20, 2021.
             Was the Champion of Qazlal.
             Escaped with the Orb!
             The game lasted 01:05:42 (4311 turns).

GreatCaesar the End of an Era (Minotaur Fighter)    Turns: 4311, Time: 01:05:43

Health: 207/207    AC: 45    Str: 32    XL:     19   Next: 18%
Magic:  53/53      EV: 15    Int:  5    God:    Qazlal [******]
Gold:   1139       SH: 46    Dex: 16    Spells: 18/18 levels left

rFire    + . .     SeeInvis .   a - +7 Singing Sword {vorpal, sonic wave}
rCold    + . .     Faith    .   i - +18 shield of the Gong {rElec rN+ Will+ EV-5}
rNeg     + + .     Spirit   .   d - +5 gold dragon scales
rPois    +         Reflect  .   (helmet restricted)
rElec    +         Harm     .   e - +1 cloak {Will+}
rCorr    +         Rampage  +   g - +4 pair of gloves of Piq Daot {rN+ Dex+2}
Will     +++..     NoTele   +   f - +2 pair of boots {rampage}
Stlth    +.........             s - amulet of the acrobat
HPRegen  0.44/turn              w - ring "Femedd" {MP+9 Dex+4}
MPRegen  0.33/turn              r - ring "Vesikox" {rElec rCorr MP+9 Str+3 Stlth+}

@: studying 7 skills, repel missiles
A: horns 2, retaliatory headbutt
0: Orb of Zot
a: Renounce Religion, Upheaval, Elemental Force, Disaster Area


You escaped.
You worshipped Qazlal.
Qazlal was exalted by your worship.
You visited 1 branch You collected 1139 gold pieces.

Inventory:

Hand Weapons
 a - the +7 Singing Sword (weapon) {vorpal, sonic wave}
   (You found it in the Dungeon)

   It inflicts extra damage upon your enemies.
 b - a +9 long sword of holy wrath
 o - the +5 falchion of Instant Death {vorpal, +Blink rF+ Int+3}
   (You found it in the Dungeon)

   It inflicts extra damage upon your enemies.
   It affects your intelligence (+3).
   It protects you from fire.
   It lets you blink.
 z - a +9 vampiric double sword
 O - the +8 dagger of Iconoclasm {holy, +Rage}
   (You found it in the Dungeon)

   It has been blessed by the Shining One to cause great damage to the undead
   and demons.
   It lets you go berserk.
 Z - the +11 long sword "Moxkoz" {venom, Int+2 Dex-2 SInv}
   (You found it in the Dungeon)

   It poisons the flesh of those it strikes.
   It affects your intelligence (+2).
   It affects your dexterity (-2).
   It lets you see invisible.
Missiles
 U - 14 boomerangs (quivered)
Armour
 d - +5 gold dragon scales (worn)
 e - a +1 cloak of willpower (worn)
 f - a +2 pair of boots of rampaging (worn)
 g - the +4 pair of gloves of Piq Daot (worn) {rN+ Dex+2}
   (You found it in the Dungeon)

   It affects your dexterity (+2).
   It protects you from negative energy.
 i - the +18 shield of the Gong (worn) {rElec rN+ Will+ EV-5}
   (You found it in the Dungeon)

   It affects your evasion (-5).
   It insulates you from electricity.
   It protects you from negative energy.
   It increases your willpower.
Jewellery
 c - the ring of the Everdark {EV+4 Dex+7}
   (You found it in the Dungeon)

   [ring of evasion]

   It affects your evasion (+4).
   It affects your dexterity (+7).
 q - the ring "Weta" {Ice Will++}
   (You found it in the Dungeon)

   [ring of ice]

   It enhances your ice magic.
   It makes you vulnerable to fire.
   It protects you from cold.
   It greatly increases your willpower.
 r - the ring "Vesikox" (right hand) {rElec rCorr MP+9 Str+3 Stlth+}
   (You found it in the Dungeon)

   [ring of magical power]

   It affects your strength (+3).
   It insulates you from electricity.
   It affects your magic capacity (+9).
   It protects you from acid and corrosion.
   It makes you more stealthy.
 s - an amulet of the acrobat (around neck)
 u - an amulet of regeneration
 v - the ring "Hery" {*Slow +Blink rF++ Int+6 SInv}
   (You found it in the Dungeon)

   [ring of intelligence]

   It affects your intelligence (+6).
   It greatly protects you from fire.
   It lets you see invisible.
   It lets you blink.
   It may slow you when you take damage.
 w - the ring "Femedd" (left hand) {MP+9 Dex+4}
   (You found it in the Dungeon)

   [ring of magical power]

   It affects your dexterity (+4).
   It affects your magic capacity (+9).
 C - the ring "Seshacho" {rPois rC+ Int+4}
   (You found it in the Dungeon)

   [ring of poison resistance]

   It affects your intelligence (+4).
   It protects you from cold.
   It protects you from poison.
 E - the ring of Shadows {Umbra +Inv Stlth+}
   (You found it in the Dungeon)

   [ring of stealth]

   It lets you turn invisible.
   It makes you more stealthy.
 F - a ring of protection from fire
 K - a +4 ring of slaying
 N - the ring "Savvel" {rN+ Will+ Stlth+}
   (You found it in the Dungeon)

   [ring of willpower]

   It protects you from negative energy.
   It increases your willpower.
   It makes you more stealthy.
 Q - the ring "Uklew" {+Blink rPois Dex+5 Slay+2}
   (You found it in the Dungeon)

   [ring of poison resistance]

   It affects your dexterity (+5).
   It affects your accuracy and damage with ranged weapons and melee attacks
   (+2).
   It protects you from poison.
   It lets you blink.
 S - the ring of the Pharaoh's Fist {rCorr Str+2 SInv}
   (You found it in the Dungeon)

   [ring of see invisible]

   It affects your strength (+2).
   It lets you see invisible.
   It protects you from acid and corrosion.
 T - the ring of Apyqoam {Fly rCorr Dex+2 Slay+4}
   (You found it in the Dungeon)

   [ring of slaying]

   It affects your dexterity (+2).
   It affects your accuracy and damage with ranged weapons and melee attacks
   (+4).
   It grants you flight.
   It protects you from acid and corrosion.
Wands
 k - a wand of mindburst (7)
 l - a wand of iceblast (7)
 m - a wand of acid (7)
 P - a wand of flame (14)
Scrolls
 j - 4 scrolls of blinking
 n - 4 scrolls of enchant weapon
 p - a scroll of brand weapon
 t - 2 scrolls of fear
 B - 8 scrolls of fog
 D - 4 scrolls of identify
 I - 2 scrolls of holy word
Potions
 h - 7 potions of magic
 x - 2 potions of berserk rage
 y - 7 potions of might
 G - a potion of invisibility
 H - 11 potions of haste
 L - 11 potions of curing
 W - 13 potions of heal wounds


   Skills:
 O Level 27 Fighting
 O Level 27 Long Blades
 O Level 27 Armour
 O Level 27 Dodging
 + Level 23.3 Stealth
 O Level 27 Shields
 O Level 27 Invocations


You had 18 spell levels left.
You didn't know any spells.
Your spell library contained the following spells:

 Spells                   Type           Power      Damage    Failure   Level
 Animate Skeleton         Necr           0%         N/A       94%         1
 Apportation              Tloc           0%         N/A       94%         1
 Corona                   Hex            0%         N/A       94%         1
 Foxfire                  Conj/Fire      0%         2x1d4     94%         1
 Freeze                   Ice            0%         1d3       94%         1
 Magic Dart               Conj           0%         1d3       94%         1
 Pain                     Necr           0%         1d4       94%         1
 Sandblast                Erth           0%         2d4       94%         1
 Shock                    Conj/Air       0%         1d3       94%         1
 Summon Small Mammal      Summ           0%         N/A       94%         1
 Blink                    Tloc           N/A        N/A       98%         2
 Call Imp                 Summ           0%         N/A       98%         2
 Corpse Rot               Necr/Air       N/A        N/A       98%         2
 Passwall                 Tmut/Erth      0%         N/A       98%         2
 Poisonous Vapours        Pois/Air       0%         N/A       98%         2
 Searing Ray              Conj           0%         3d3       98%         2
 Slow                     Hex            0%         N/A       98%         2
 Static Discharge         Conj/Air       0%         N/A       98%         2
 Sublimation of Blood     Necr           0%         N/A       98%         2
 Wereblood                Tmut           0%         N/A       98%         2
 Call Canine Familiar     Summ           0%         N/A       100%        3
 Confusing Touch          Hex            0%         N/A       100%        3
 Conjure Flame            Conj/Fire      0%         6-21      100%        3
 Dazzling Flash           Conj/Hex       0%         N/A       100%        3
 Frozen Ramparts          Ice            0%         1d2       100%        3
 Gell's Gravitas          Tloc           0%         N/A       100%        3
 Ignite Poison            Fire/Tmut/Pois 0%         N/A       100%        3
 Inner Flame              Hex/Fire       0%         N/A       100%        3
 Lesser Beckoning         Tloc           0%         N/A       100%        3
 Mephitic Cloud           Conj/Pois/Air  0%         N/A       100%        3
 Ozocubu's Armour         Ice            0%         N/A       100%        3
 Portal Projectile        Hex/Tloc       0%         N/A       100%        3
 Spider Form              Tmut/Pois      0%         N/A       100%        3
 Stone Arrow              Conj/Erth      0%         3d7       100%        3
 Summon Guardian Golem    Hex/Summ       0%         N/A       100%        3
 Swiftness                Air            0%         N/A       100%        3
 Teleport Other           Tloc           0%         N/A       100%        3
 Tukima's Dance           Hex            0%         N/A       100%        3
 Vampiric Draining        Necr           0%         2d6       100%        3
 Animate Armour           Summ/Erth      0%         N/A       100%        4
 Animate Dead             Necr           0%         N/A       100%        4
 Cause Fear               Hex            0%         N/A       100%        4
 Fulminant Prism          Conj/Hex       0%         3d6       100%        4
 Hailstorm                Conj/Ice       0%         3d3       100%        4
 Ice Form                 Ice/Tmut       0%         N/A       100%        4
 Iskenderun's Mystic Bla  Conj/Tloc      0%         2d3       100%        4
 Leda's Liquefaction      Hex/Erth       0%         N/A       100%        4
 Passage of Golubria      Tloc           N/A        N/A       100%        4
 Petrify                  Tmut/Erth      0%         N/A       100%        4
 Sticky Flame             Conj/Fire      0%         2d3       100%        4
 Summon Ice Beast         Ice/Summ       0%         N/A       100%        4
 Summon Lightning Spire   Summ/Air       0%         N/A       100%        4
 Agony                    Necr           0%         N/A       100%        5
 Alistair's Intoxication  Tmut/Pois      0%         N/A       100%        5
 Blade Hands              Tmut           0%         N/A       100%        5
 Bolt of Magma            Conj/Fire/Erth 0%         4d4       100%        5
 Borgnjor's Vile Clutch   Necr/Erth      0%         N/A       100%        5
 Excruciating Wounds      Necr           0%         N/A       100%        5
 Fireball                 Conj/Fire      0%         3d3       100%        5
 Freezing Cloud           Conj/Ice/Air   0%         6-21      100%        5
 Irradiate                Conj/Tmut      0%         3d13      100%        5
 Iskenderun's Battlesphe  Conj           0%         2d6       100%        5
 Lee's Rapid Deconstruct  Erth           0%         3d5*      100%        5
 Lightning Bolt           Conj/Air       0%         1d11      100%        5
 Manifold Assault         Tloc           0%         N/A       100%        5
 Metabolic Englaciation   Hex/Ice        0%         N/A       100%        5
 Silence                  Hex/Air        0%         N/A       100%        5
 Summon Forest            Summ/Tloc      0%         N/A       100%        5
 Yara's Violent Unravell  Hex/Tmut       0%         3d3       100%        5
 Conjure Ball Lightning   Conj/Air       0%         3x3d6     100%        6
 Death Channel            Necr           0%         N/A       100%        6
 Dispersal                Tloc           0%         N/A       100%        6
 Eringya's Noxious Bog    Tmut/Pois      0%         N/A       100%        6
 Invisibility             Hex            0%         N/A       100%        6
 Iron Shot                Conj/Erth      0%         9d1       100%        6
 Shadow Creatures         Summ           N/A        N/A       100%        6
 Simulacrum               Ice/Necr       0%         N/A       100%        6
 Starburst                Conj/Fire      0%         8x6d3     100%        6
 Statue Form              Tmut/Erth      0%         N/A       100%        6
 Dragon Form              Tmut           0%         N/A       100%        7
 Haunt                    Necr/Summ      0%         N/A       100%        7
 Malign Gateway           Summ/Tloc      0%         N/A       100%        7
 Monstrous Menagerie      Summ           0%         N/A       100%        7
 Orb of Destruction       Conj           0%         N/A       100%        7
 Ozocubu's Refrigeration  Ice            0%         4d5       100%        7
 Spellforged Servitor     Conj/Summ      0%         N/A       100%        7
 Storm Form               Tmut/Air       0%         N/A       100%        7
 Summon Hydra             Summ           0%         N/A       100%        7
 Borgnjor's Revivificati  Necr           0%         N/A       100%        8
 Disjunction              Tloc           0%         N/A       100%        8
 Ignition                 Fire           0%         3d3       100%        8
 Infestation              Necr           0%         N/A       100%        8
 Necromutation            Tmut/Necr      0%         N/A       100%        8
 Summon Horrible Things   Summ           0%         N/A       100%        8
 Death's Door             Necr           0%         N/A       100%        9
 Dragon's Call            Summ           0%         N/A       100%        9


Dungeon Overview and Level Annotations

Branches:
Dungeon (1/1)

Altars:
Ashenzari
Cheibriados
Dithmenos
Elyvilon
Fedhas
Gozag
Hepliaklqana
Kikubaaqudgha
Makhleb
Nemelex Xobeh
Okawaru
Qazlal
Ru
Sif Muna
Trog
Uskayaw
Vehumet
Wu Jian
Xom
Yredelemnul
Zin
The Shining One
Beogh
Jiyva
Lugonu


Innate Abilities, Weirdness & Mutations

You have a pair of horns on your head.
You reflexively headbutt those who attack you in melee.


Message History

Things that are here:
a condenser vane; a piece from Xom's chessboard (15/15); a Fen Folio You see here a staff of cold.
Things that are here:
a staff of death; the ring "Earthly Heaven" {Fly rF+ rCorr Int+3} You see here a +6 ring of intelligence.
u - an amulet of regeneration You see here a book of Callings.
Things that are here:
a +0 pair of gloves of stealth; a +1 antimagic trident You see here the +0 cloak of the Harp {rCorr}.
You see here a +0 flail of holy wrath.
You pick up a book of Debilitation and begin reading...
You add the spell Leda's Liquefaction to your library.
You see here a ghoul corpse.
Things that are here:
a +6 ring of strength; a +0 dagger of venom You see here a lightning rod (4/4).
You see here a book of Callings.
A - a scroll of acquirement
E - the ring of Shadows {Umbra +Inv Stlth+}
There is a transporter here.
Things that are here:
a condenser vane; a +0 leather armour of cold resistance Something appears at your feet!
You pick up a manual of Throwing and begin studying.
There is a transporter here.
Things that are here:
a condenser vane; a +0 leather armour of cold resistance An exit appears before you!
You enter the transporter and appear at another place.
Found the Orb of Zot.
Found a staircase leading out of the dungeon.
You see here the Orb of Zot.
You pick up the Orb of Zot!
The Orb lets out a hideous shriek!
The lords of Pandemonium are not amused.
Beware!
Now all you have to do is get back out of the dungeon!
Unknown command.
There is a staircase leading out of the dungeon here.
You have escaped!

.....[.|....▓..▓.......▓..▓...8©8
[†..[.(.....▓.▓▓▓.....▓▓▓.▓..≈:[≈
....(.(.....▓..▓.......▓..▓..)|))
....††......▓.............▓....÷)
............▓......©......▓..≈≈.)
............▓▓▓▓▓▓▓▓▓▓▓▓▓▓▓≈≈...÷
............▓8888888888888▓...≈≈.
▓.......▓...▓8.§§.°......8▓..≈÷..
............▓8.○@.....©..8▓.▓.≈..
............▓8..§§°......8▓....©≈
....©.......▓8888888888888▓▓▓▓▓▓▓
▓▓▓▓▓▓▓▓▓▓▓▓▓▓▓▓▓▓▓▓▓▓▓▓▓▓▓▓▓▓▓▓▓
.....8©8|.)...).▓........8©8|}:.[
)..|....):.)....▓.)|}|=...[......
.=}..:.|))....).▓.[}.)|..}...)))|
.........|....:.▓.|))}..."?...)=.
...).....:.....:▓..[...}....=[...


There were no monsters in sight!

Vanquished Creatures
  A dread lich (D)
  A royal mummy (D)
  2 Tzitzimimeh (D)
  8 pandemonium lords (D)
  2 doom hounds (D)
  An iron giant (D)
  A Brimstone Fiend (D)
  3 Ice Fiends (D)
  A Hell Sentinel (D)
  4 liches (D)
  2 deep elf master archers (D)
  6 quicksilver dragons (D)
  A tentacled starspawn (D)
  An acid blob (D)
  16 shadow dragons (D)
  An azure jelly (D)
  2 rockslimes (D)
  4 frost giants (D)
  2 balrugs (D)
  A cacodemon (D)
  3 deep elf sorcerers (D)
  2 iron dragons (D)
  18 ghouls (D)
  3 reapers (D)
  3 very ugly things (D)
  6 stone giants (D)
  2 vampire knights (D)
  3 starcursed masses (D)
  8 blizzard demons (D)
  2 merfolk impalers (D)
  A merfolk javelineer (D)
  6 crystal guardians (D)
  A mummy priest (D)
  A great orb of eyes (D)
  A rakshasa (D)
  An alligator snapping turtle (D)
  2 ice dragons (D)
  2 merfolk aquamancers (D)
  3 merfolk avatars (D)
  Erica (D)
  4 dancing weapons (D)
  An orc high priest (D)
  A satyr (D)
  A hell hog (D)
  3 vampire magi (D)
  A thrashing horror (D)
  36 soul eaters (D)
  2 deep elf knights (D)
  A sun demon (D)
  9 wretched stars (D)
  5 iron golems (D)
  5 skeletal warriors (D)
  A sixfirhy (D)
  A death drake (shapeshifter) (D)
  A shadow demon (D)
  3 sea snakes (D)
  3 deep elf archers (D)
  11 large abominations (D)
  3 deep elf pyromancers (D)
  8 necromancers (D)
  2 mana vipers (shapeshifter) (D)
  A shining eye (D)
  5 deep elf zephyrmancers (D)
  2 ugly things (D)
  2 worldbinders (D)
  A merfolk siren (D)
  3 smoke demons (D)
  An apocalypse crab (D)
  5 rust devils (D)
  A gargoyle (D)
  A guardian serpent (D)
  3 freezing wraiths (D)
  A water nymph (D)
  2 orange demons (D)
  A torpor snail (shapeshifter) (D)
  6 tormentors (D)
  2 hellions (D)
  13 ice devils (D)
  4 ancient zymes (D)
  2 hellwings (D)
  A guardian mummy (D)
  A red devil (D)
  3 wind drakes (D)
  2 trolls (D)
  A troll (shapeshifter) (D)
  5 polar bears (D)
  A hornet (D)
  4 merfolk (D)
  9 slime creatures (D)
  A dream sheep (shapeshifter) (D)
  3 raiju (D)
  2 snapping turtles (D)
  Sigmund (D)
  A redback (shapeshifter) (D)
  2 air elementals (D)
  2 flying skulls (D)
  4 spriggans (D)
  3 wraiths (D)
  11 shadows (D)
  2 ynoxinuls (D)
  A fire bat (D)
  A tarantella (shapeshifter) (D)
  2 vampires (D)
  2 yaks (D)
  4 chaos spawn (D)
  A golden eye (shapeshifter) (D)
  3 neqoxecs (D)
  Edmund (D)
  A naga (shapeshifter) (D)
  A naga (D)
  Duvessa (D)
  13 small abominations (D)
  An ogre (D)
  A black bear (D)
  2 wolves (D)
  3 necrophages (D)
  A phantom (D)
  Blork the orc (D)
  3 bullfrogs (D)
  5 earth elementals (D)
  Dowan (D)
  5 wights (D)
  4 quasits (D)
  2 jellies (D)
  Crazy Yiuf (D)
  11 iron imps (D)
  Jessica (D)
  3 mummies (D)
  A river rat (D)
  2 adders (D)
  2 shadow imps (D)
  4 white imps (D)
  A spectral adder (D)
  3 ufetubi (D)
  10 adder zombies (D)
  7 adder skeletons (D)
  4 spectral bats (D)
  14 bat skeletons (D)
  7 bat zombies (D)
  An endoplasm (D)
  2 jackals (D)
  A ball python (D)
  9 ball python skeletons (D)
  9 ball python zombies (D)
  5 giant cockroach zombies (D)
  3 jackal skeletons (D)
  A jackal zombie (D)
  A quokka simulacrum (D)
  5 quokka skeletons (D)
  9 quokka zombies (D)
  2 spectral ball pythons (D)
  A lurking horror (D)
526 creatures vanquished.

Vanquished Creatures (others)
  A bat zombie (D)
1 creature vanquished.

Grand Total: 527 creatures vanquished

Notes
Turn   | Place    | Note
-------+----------+-------------------------------------------
     0 | D        | GreatCaesar the Minotaur Fighter began the quest for the
                  | Orb.
     0 | D        | Reached XP level 1. HP: 19/19 MP: 0/0
     0 | D        | Found a shimmering blue altar of Sif Muna.
     0 | D        | Found a bloodstained altar of Trog.
     0 | D        | Found a sacrificial altar of Ru.
     0 | D        | Found a stormy altar of Qazlal.
     0 | D        | Found an iron altar of Okawaru.
     2 | D        | Found a sparkling altar of Nemelex Xobeh.
     2 | D        | Banished a spatial maelstrom
     3 | D        | Found the +6 Majin-Bo {vamp, MP+6 Int+6}
     3 | D        | Found the +9 heavy crossbow "Sniper" {vorpal, Acc+∞ SInv}
     3 | D        | Found the +10 dark maul {vorpal}
     3 | D        | Found the +15 Maxwell's patent armour {-Cast -Tele rElec
                  | Will+ rCorr}
     3 | D        | Found the +18 shield of the Gong {rElec rN+ Will+ EV-5}
     3 | D        | Found the +14 obsidian axe {vorpal, Drain Fly SInv}
     3 | D        | Found the +7 great mace "Firestarter" {inner flame, rF++}
     3 | D        | Found the +6 shillelagh "Devastator" {shatter}
     3 | D        | Found the +11 plutonium sword {Contam Stlth-}
     3 | D        | Found the +8 lance "Wyrmbane" {slay drac, rPois rF+ rC+
                  | AC+3}
     3 | D        | Found the +9 sword of Zonguldrok {reap}
     3 | D        | Found the +13 scythe of Curses {drain, Drain}
     3 | D        | Found the +5 sword of Power {vorpal}
     3 | D        | Found the +7 mace of Variability {chain chaos}
     3 | D        | Found the +7 Singing Sword {vorpal, sonic wave}
     3 | D        | Found the +8 storm bow {elec, penet}
     5 | D        | Found a corrupted altar of Lugonu.
     5 | D        | Found an ancient bone altar of Kikubaaqudgha.
     5 | D        | Found a burning altar of Makhleb.
     5 | D        | Found a transporter.
     5 | D        | Found a viscous altar of Jiyva.
     5 | D        | Found a hazy altar of Hepliaklqana.
    31 | D        | Found an opulent altar of Gozag.
    32 | D        | Found a blossoming altar of Fedhas.
    74 | D        | Became a worshipper of Qazlal Stormbringer
   100 | D        | Reached skill level 5 in Fighting
   100 | D        | Reached skill level 5 in Long Blades
   100 | D        | Reached XP level 2. HP: 29/29 MP: 0/2
   131 | D        | Entered arena 2.
   131 | D        | Noticed a wight
   131 | D        | Noticed a phantom
   131 | D        | Found a transporter.
   133 | D        | Killed a phantom
   134 | D        | Reached XP level 3. HP: 38/38 MP: 3/3
   134 | D        | Reached XP level 4. HP: 45/45 MP: 4/4
   145 | D        | Entered arena 3.
   145 | D        | Noticed an ogre
   145 | D        | Noticed a troll
   145 | D        | Noticed a troll
   145 | D        | Found a transporter.
   150 | D        | Killed a troll
   150 | D        | Reached * piety under Qazlal
   151 | D        | Reached XP level 5. HP: 35/57 MP: 5/5
   151 | D        | Reached XP level 6. HP: 39/63 MP: 6/6
   151 | D        | Killed a troll
   152 | D        | Reached skill level 10 in Fighting
   152 | D        | Reached XP level 7. HP: 45/73 MP: 7/7
   279 | D        | Entered arena 4.
   279 | D        | Noticed a yak
   279 | D        | Found a transporter.
   282 | D        | Reached ** piety under Qazlal
   282 | D        | Killed a yak
   283 | D        | Reached skill level 10 in Long Blades
   283 | D        | Reached skill level 10 in Armour
   283 | D        | Reached skill level 10 in Shields
   297 | D        | Entered arena 5.
   297 | D        | Found a transporter.
   300 | D        | Reached *** piety under Qazlal
   305 | D        | Reached XP level 8. HP: 82/82 MP: 3/8
   311 | D        | Got the ring "Vysiz" {Fly Str+6}
   345 | D        | Entered arena 6.
   345 | D        | Found a transporter.
   348 | D        | Reached **** piety under Qazlal
   384 | D        | Entered arena 7.
   384 | D        | Noticed a spriggan rider
   386 | D        | Reached ***** piety under Qazlal
   389 | D        | Found a transporter.
   394 | D        | Killed a hornet
   395 | D        | Reached XP level 9. HP: 90/90 MP: 1/11
   479 | D        | Entered arena 8.
   479 | D        | Noticed a royal mummy
   479 | D        | Noticed a guardian mummy
   479 | D        | Noticed a mummy priest
   480 | D        | Noticed an emperor scorpion
   480 | D        | Noticed an emperor scorpion
   480 | D        | Noticed an emperor scorpion
   480 | D        | Noticed an emperor scorpion
   482 | D        | Found a transporter.
   483 | D        | Noticed an emperor scorpion
   483 | D        | Killed a guardian mummy
   484 | D        | Reached skill level 5 in Invocations
   485 | D        | Killed a mummy priest
   487 | D        | Noticed a death scarab
   487 | D        | Noticed a death scarab
   487 | D        | Noticed a death scarab
   489 | D        | Killed a royal mummy
   490 | D        | Reached skill level 15 in Shields
   490 | D        | Reached skill level 10 in Invocations
   490 | D        | Reached XP level 10. HP: 35/104 MP: 2/16
   490 | D        | Reached XP level 11. HP: 37/111 MP: 2/17
   870 | D        | Entered arena 9.
   870 | D        | Noticed a +5 hand axe of flaming
   870 | D        | Noticed a death drake
   870 | D        | Noticed a deep elf zephyrmancer
   870 | D        | Noticed a deep elf zephyrmancer
   870 | D        | Noticed a deep elf zephyrmancer
   871 | D        | Reached ****** piety under Qazlal
   871 | D        | a death drake changed into a faun
   873 | D        | Found a transporter.
   875 | D        | Killed a deep elf zephyrmancer
   876 | D        | Killed a +5 hand axe of flaming
   881 | D        | Killed a deep elf zephyrmancer
   882 | D        | Noticed a lindwurm
   882 | D        | an eye of devastation changed into a lindwurm
   883 | D        | Killed a deep elf zephyrmancer
   884 | D        | Reached skill level 15 in Fighting
   884 | D        | Noticed a death drake
   884 | D        | a lindwurm changed into a death drake
   885 | D        | a death drake changed into a wind drake
   886 | D        | Noticed a mana viper
   886 | D        | a wind drake changed into a mana viper
   887 | D        | Killed a mana viper
   908 | D        | Got the ring "Savvel" {rN+ Will+ Stlth+}
  1131 | D        | Entered arena 10.
  1131 | D        | Noticed Sigmund
  1131 | D        | Noticed Jessica
  1131 | D        | Noticed Blork the orc
  1131 | D        | Noticed Crazy Yiuf
  1131 | D        | Noticed Dowan
  1131 | D        | Noticed Duvessa
  1131 | D        | Noticed Edmund
  1131 | D        | Noticed Erica
  1132 | D        | Identified the +5 quarterstaff of Fragile Peace {vorpal,
                  | Fragile rF+ Dex+3}
  1132 | D        | Identified the +10 short sword "Yhac" {venom, Dex+9}
  1132 | D        | Found a transporter.
  1133 | D        | Killed Duvessa
  1133 | D        | Killed Jessica
  1133 | D        | Killed Dowan
  1133 | D        | Killed Sigmund
  1133 | D        | Killed Erica
  1133 | D        | Killed Blork the orc
  1134 | D        | Killed Crazy Yiuf
  1134 | D        | Killed Edmund
  1258 | D        | Entered arena 11.
  1258 | D        | Noticed a deep elf archer
  1258 | D        | Noticed a deep elf pyromancer
  1258 | D        | Noticed a deep elf zephyrmancer
  1258 | D        | Noticed a +2 vorpal trident
  1258 | D        | Noticed a deep elf pyromancer
  1258 | D        | Noticed a deep elf pyromancer
  1258 | D        | Noticed a +6 vorpal war axe
  1258 | D        | Noticed a deep elf archer
  1259 | D        | Killed a deep elf archer
  1259 | D        | Killed a deep elf archer
  1259 | D        | Killed a deep elf pyromancer
  1260 | D        | Killed a deep elf pyromancer
  1260 | D        | Killed a +2 vorpal trident
  1260 | D        | Killed a +6 vorpal war axe
  1260 | D        | Killed a deep elf pyromancer
  1261 | D        | Reached skill level 15 in Invocations
  1261 | D        | Found a transporter.
  1263 | D        | Killed a deep elf zephyrmancer
  1264 | D        | Reached XP level 12. HP: 114/122 MP: 6/22
  1293 | D        | Got the ring of Geurut {EV+4 Str+6}
  1310 | D        | Got the Compendium of Lightness
  1350 | D        | Entered arena 12.
  1350 | D        | Noticed a deep elf sorcerer
  1350 | D        | Noticed an orc high priest
  1350 | D        | Noticed a deep elf master archer
  1350 | D        | Noticed a deep elf master archer
  1351 | D        | Noticed a deep elf sorcerer
  1352 | D        | Killed an orc high priest
  1352 | D        | Killed a deep elf sorcerer
  1352 | D        | Killed a deep elf master archer
  1352 | D        | Killed a deep elf sorcerer
  1353 | D        | Reached skill level 15 in Armour
  1354 | D        | Found a transporter.
  1359 | D        | Killed a deep elf master archer
  1535 | D        | Got the ring of Apyqoam {Fly rCorr Dex+2 Slay+4}
  1549 | D        | Entered arena 13.
  1549 | D        | Noticed a merfolk avatar
  1549 | D        | Noticed a merfolk javelineer
  1549 | D        | Noticed a merfolk avatar
  1549 | D        | Noticed a merfolk aquamancer
  1549 | D        | Noticed an alligator snapping turtle
  1550 | D        | Noticed a merfolk impaler
  1551 | D        | Found a transporter.
  1552 | D        | Killed a merfolk aquamancer
  1552 | D        | Killed a merfolk javelineer
  1552 | D        | Killed a merfolk avatar
  1552 | D        | Killed a merfolk impaler
  1552 | D        | Killed a merfolk avatar
  1553 | D        | Reached XP level 13. HP: 126/132 MP: 16/25
  1782 | D        | Entered arena 14.
  1782 | D        | Noticed a shadow dragon
  1783 | D        | Noticed a ghoul
  1785 | D        | Killed a ghoul
  1785 | D        | Killed a shadow dragon
  1787 | D        | Found a transporter.
  1867 | D        | Entered arena 15.
  1867 | D        | Noticed a purple very ugly thing
  1868 | D        | Noticed a purple very ugly thing
  1869 | D        | Found a transporter.
  1872 | D        | Reached skill level 10 in Dodging
  1878 | D        | Killed a purple very ugly thing
  1884 | D        | Killed a purple very ugly thing
  1900 | D        | Got the +7 scimitar of Defenestration {flame, rC- Int+2
                  | Dex+2}
  1907 | D        | Got Sif Muna's Reference Book on Transmutation
  2078 | D        | Entered arena 16.
  2080 | D        | Noticed a merfolk impaler
  2081 | D        | Killed a merfolk impaler
  2083 | D        | Reached XP level 14. HP: 144/144 MP: 11/27
  2083 | D        | Found a transporter.
  2161 | D        | Entered arena 17.
  2163 | D        | Noticed a shadow dragon
  2164 | D        | Noticed a shadow dragon
  2164 | D        | Noticed a shadow dragon
  2166 | D        | Killed a shadow dragon
  2166 | D        | Killed a shadow dragon
  2166 | D        | Killed a shadow dragon
  2169 | D        | Found a transporter.
  2235 | D        | Entered arena 18.
  2237 | D        | Noticed a rockslime
  2237 | D        | Noticed a rockslime
  2238 | D        | Noticed an acid blob
  2238 | D        | Noticed an azure jelly
  2239 | D        | Killed an azure jelly
  2243 | D        | Killed a rockslime
  2245 | D        | Killed a rockslime
  2246 | D        | Found a transporter.
  2246 | D        | Killed an acid blob
  2287 | D        | Entered arena 19.
  2289 | D        | Noticed a shadow dragon
  2290 | D        | Noticed a shadow dragon
  2290 | D        | Noticed a ghoul
  2291 | D        | Killed a shadow dragon
  2292 | D        | Killed a ghoul
  2294 | D        | Found a transporter.
  2295 | D        | Killed a shadow dragon
  2390 | D        | Got Menk's Guide on Dark Magic
  2406 | D        | Got Kiynwaz's Handbook of Necromancy and the Oath
  2420 | D        | Entered arena 20.
  2423 | D        | Noticed Nitofuots the pandemonium lord
  2424 | D        | Noticed Vijept the pandemonium lord
  2424 | D        | Noticed an Ice Fiend
  2424 | D        | Noticed a balrug
  2424 | D        | Noticed Adykk the pandemonium lord
  2425 | D        | Noticed Xilidal the pandemonium lord
  2425 | D        | Noticed a Brimstone Fiend
  2425 | D        | Noticed Neco the pandemonium lord
  2426 | D        | Killed a balrug
  2426 | D        | Killed an Ice Fiend
  2427 | D        | Reached XP level 15. HP: 80/155 MP: 21/29
  2427 | D        | Killed a Brimstone Fiend
  2427 | D        | Killed Adykk the pandemonium lord
  2428 | D        | Killed Neco the pandemonium lord
  2428 | D        | Killed Nitofuots the pandemonium lord
  2429 | D        | Reached skill level 15 in Dodging
  2431 | D        | Killed Xilidal the pandemonium lord
  2438 | D        | Killed Vijept the pandemonium lord
  2719 | D        | Found a transporter.
  2720 | D        | Found the +6 arbalest "Damnation" {damnation}
  2766 | D        | Entered arena 21.
  2770 | D        | Noticed a Tzitzimitl
  2770 | D        | Noticed a shadow dragon
  2771 | D        | Killed a shadow dragon
  2772 | D        | Killed a Tzitzimitl
  2773 | D        | Reached XP level 16. HP: 158/168 MP: 16/31
  2776 | D        | Noticed a shadow dragon
  2779 | D        | Killed a shadow dragon
  2800 | D        | Found a transporter.
  2815 | D        | Got the amulet of Wabala Qemah {Faith Int+2}
  2871 | D        | Entered arena 22.
  2873 | D        | Noticed a quicksilver dragon
  2874 | D        | Noticed a quicksilver dragon
  2874 | D        | Noticed a quicksilver dragon
  2875 | D        | Noticed a quicksilver dragon
  2875 | D        | Noticed a quicksilver dragon
  2875 | D        | Noticed a quicksilver dragon
  2876 | D        | Killed a quicksilver dragon
  2876 | D        | Killed a quicksilver dragon
  2876 | D        | Killed a quicksilver dragon
  2876 | D        | Killed a quicksilver dragon
  2876 | D        | Killed a quicksilver dragon
  2877 | D        | Reached skill level 27 in Invocations
  2879 | D        | Killed a quicksilver dragon
  2883 | D        | Found a transporter.
  2952 | D        | Got the +4 pair of gloves of Piq Daot {rN+ Dex+2}
  2963 | D        | Got the ring of Zoakhlec {Fly rElec Str+4}
  2972 | D        | Got Sif Muna's Handbook of Snow and Darkness
  2973 | D        | Got the +11 long sword "Moxkoz" {venom, Int+2 Dex-2 SInv}
  3007 | D        | Entered arena 23.
  3014 | D        | Noticed an Ice Fiend
  3015 | D        | Noticed an Ice Fiend
  3016 | D        | Reached XP level 17. HP: 182/182 MP: 25/33
  3018 | D        | Killed an Ice Fiend
  3018 | D        | Killed an Ice Fiend
  3059 | D        | Found a transporter.
  3090 | D        | Got the +5 falchion of Instant Death {vorpal, +Blink rF+
                  | Int+3}
  3211 | D        | Entered arena 24.
  3217 | D        | Noticed Patiesutat the pandemonium lord
  3218 | D        | Noticed Agigia the pandemonium lord
  3218 | D        | Noticed a dread lich
  3219 | D        | Killed Patiesutat the pandemonium lord
  3219 | D        | Killed Agigia the pandemonium lord
  3219 | D        | Killed a dread lich
  3220 | D        | Reached skill level 27 in Armour
  3292 | D        | Found a transporter.
  3318 | D        | Got Suhugg's Volume of the Displaced Birds
  3325 | D        | Got the +8 dagger of Iconoclasm {holy, +Rage}
  3329 | D        | Got the +6 falchion "Gicvojut" {vamp, rN+}
  3346 | D        | Got the Reference Book on Companions and Flight
  3359 | D        | Got the Tome of Earthen Dark Secrets
  3364 | D        | Got the ring "Vesikox" {rElec rCorr MP+9 Str+3 Stlth+}
  3448 | D        | Entered arena 25.
  3458 | D        | Noticed an iron giant
  3458 | D        | Noticed a Hell Sentinel
  3461 | D        | Killed an iron giant
  3461 | D        | Killed a Hell Sentinel
  3556 | D        | Found a transporter.
  3583 | D        | Got the ring of the Pharaoh's Fist {rCorr Str+2 SInv}
  3621 | D        | Got the ring "Weta" {Ice Will++}
  3632 | D        | Got the ring "Hery" {*Slow +Blink rF++ Int+6 SInv}
  3636 | D        | Got the ring "Femedd" {MP+9 Dex+4}
  3671 | D        | Entered arena 26.
  3682 | D        | Noticed Acesimi the pandemonium lord
  3684 | D        | Reached skill level 27 in Fighting
  3684 | D        | Reached XP level 18. HP: 200/200 MP: 34/34
  3686 | D        | Killed Acesimi the pandemonium lord
  3687 | D        | Reached skill level 27 in Long Blades
  3687 | D        | Reached skill level 27 in Shields
  3794 | D        | Found a transporter.
  3846 | D        | Got the ring "Uklew" {+Blink rPois Dex+5 Slay+2}
  3928 | D        | Entered arena 27.
  3938 | D        | Identified the ring "Qaroc" {rPois rCorr EV+4}
  3938 | D        | Noticed a lich
  3938 | D        | Noticed a lich
  3939 | D        | Noticed a lich
  3939 | D        | Identified the +7 bardiche of Sunietsa {pain, rF+}
  3940 | D        | Killed a lich
  3940 | D        | Killed a lich
  3941 | D        | Reached skill level 27 in Dodging
  3941 | D        | Reached skill level 10 in Stealth
  3941 | D        | Killed a lich
  3951 | D        | Found a transporter.
  4086 | D        | Got the Tome of Unstable Intoxication
  4103 | D        | Got the ring of the Everdark {EV+4 Dex+7}
  4121 | D        | Entered arena 28.
  4132 | D        | Noticed a lich
  4132 | D        | Noticed a Tzitzimitl
  4133 | D        | Noticed a doom hound
  4133 | D        | Noticed a doom hound
  4134 | D        | Killed a lich
  4136 | D        | Found the ring of Shadows {Umbra +Inv Stlth+}
  4136 | D        | Found the +3 giant club "Skullcrusher" {speed, Str+7}
  4136 | D        | Killed a doom hound
  4136 | D        | Killed a doom hound
  4137 | D        | Reached XP level 19. HP: 193/207 MP: 35/35
  4137 | D        | Killed a Tzitzimitl
  4145 | D        | Found a transporter.
  4217 | D        | Got the ring "Seshacho" {rPois rC+ Int+4}
  4230 | D        | Acquired 1139 gold pieces
  4265 | D        | Got the Incunabulum of Supportive Snow
  4298 | D        | Acquired a manual of Throwing
  4306 | D        | Got the Orb of Zot
  4311 | D        | Escaped with the Orb!

Illustrated notes

Levels and vault maps discovered:
D:        sprint_v [room_start, room_1, room_2, room_3, room_4, room_5, room_6,
          room_7, room_8, room_9, room_10, room_11, room_12, room_13, room_14,
          room_15, room_16, room_17, room_18, room_19, room_20, room_21,
          room_22, room_23, room_24, room_25, room_26, room_27]

Skill      XL: |  1  2  3  4  5  6  7  8  9 10 11 12 13 14 15 16 17 18 19 |
---------------+----------------------------------------------------------+-----
Fighting       | 5 6 9 10 11 12 14 15 17 18 20 21 24 27 | 27.0
Long Blades    | 5 8 9 10 12 16 18 20 22 26 27 | 27.0
Armour         | 4 6 8 9 10 11 12 14 16 19 22 23 25 27 | 27.0
Dodging        | 2 8 11 14 16 19 23 27 | 27.0
Shields        | 4 6 8 9 10 12 15 16 18 19 21 23 26 27 | 27.0
Invocations    | 2 4 10 15 18 20 22 25 27 | 27.0
Stealth        | 20 23 | 23.3

Action                   |  1- 3 |  4- 6 |  7- 9 | 10-12 | 13-15 | 16-18 | 19-21 || total
-------------------------+-------+-------+-------+-------+-------+-------+-------++-------
Melee: Double sword      |     1 |     7 |    27 |    11 |    34 |     6 |     5 ||    91
       Headbutt          |     1 |       |     3 |     2 |     9 |     2 |     1 ||    18
Invok: Upheaval          |       |       |     5 |     5 |     2 |       |       ||    12
       Elemental Force   |       |       |     1 |       |       |       |       ||     1
       Disaster Area     |       |       |       |     6 |    18 |    17 |     2 ||    43
  Use: Potion            |     1 |       |     1 |     1 |       |    11 |       ||    14
       Scroll            |       |       |       |       |     2 |    12 |     6 ||    20
Armor: Gold dragon scale |       |     6 |    26 |     3 |     9 |     3 |       ||    47
Dodge: Dodged            |       |       |     1 |     2 |     7 |     3 |     1 ||    14
Block: Kite shield       |       |    11 |    65 |    18 |    60 |     5 |     2 ||   161
       Rpst.: Double sword |       |       |       |       |     1 |     1 |       ||     2

Table legend: (Time is in decaauts)
 A = Elapsed time spent in this place.
 B = Non-inter-level travel time spent in this place.
 C = Inter-level travel time spent in this place.
 D = Time resting spent in this place.
 E = Time spent auto-exploring this place.
 F = Levels seen in this place.
 G = Mean time per level.
                   A        B        C        D        E       F      G
               +--------+--------+--------+--------+--------+-----+--------+
         Total |   4191 |   4183 |      8 |   1791 |    519 |   1 | 4191.0 |
       Dungeon |   4191 |   4183 |      8 |   1791 |    519 |   1 | 4191.0 |
               +--------+--------+--------+--------+--------+-----+--------+

Top non-repeatable levels by time:
       D: 4191 daAuts
